Map: Odyssey LE

Players

Winthrowe

  • Race: Terran Terran
  • League: Silver
  • Spawn Location: 11:00

Banyup - Winner!

  • Race: Zerg Zerg
  • League: Gold
  • Spawn Location: 5:00

VOD

Have the link to the VOD?

Description

Time

  • Played on: Aug. 18, 2017, 7:38 p.m.
  • Length: 7:27
Show
View Real Time Build Order
Export as new Build Order

Winthrowe Terran 

Build Orders:  

Get SALT Encoding   

  12  0:02  SCV  
  13  0:15  SCV  
  14  0:27  Supply Depot, SCV  
  15  0:40  Supply Depot  
  15  0:49  SCV  
  16  0:52  Barracks  
  16  1:01  SCV  
  17  1:13  SCV  
  18  1:25  SCV  
  19  1:28  Refinery  
  19  1:31  Refinery  
  19  1:37  SCV  
  20  1:42  Barracks  
  20  1:50  SCV  
  21  2:06  Command Center  
  21  2:26  Barracks Reactor  
  21  2:36  Barracks Tech Lab  
  21  2:55  Marauder  
  22  3:05  Marine x2  
  24  3:17  Marauder  
  26  3:23  Marine x2  
  28  3:38  Marauder  
  28  3:41  Marine  
  31  3:53  Supply Depot  
  31  4:07  Concussive Shells  
  31  4:15  Marine x2, Marauder  
  31  4:16  Supply Depot  
  34  4:32  Marine  
  34  4:37  Marauder  
  37  4:38  Marine, Supply Depot  
  38  4:50  Marine, Stimpack  
  39  4:58  Marauder  
  41  5:01  Factory  
  41  5:10  Engineering Bay  
  41  5:11  Marine x2  
  43  5:19  Marauder  
  45  5:26  Orbital Command  
  31  6:08  Marauder  
  31  6:10  Marine x2  
  28  6:27  Marine  
  28  6:28  Marine  
  28  6:29  Marauder  
Show
View Real Time Build Order
Export as new Build Order

Banyup Zerg - Winner!

Build Orders: Hatch First 

Get SALT Encoding   

  12  0:01  Drone  
  13  0:13  Overlord  
  13  0:17  Drone  
  14  0:31  Drone x2  
  16  0:36  Drone  
  17  0:55  Hatchery  
  16  0:58  Drone  
  16  1:02  Extractor  
  16  1:04  Drone  
  17  1:19  Spawning Pool  
  17  1:23  Drone  
  17  1:28  Drone  
  18  1:35  Drone  
  19  1:42  Drone  
  20  1:51  Overlord  
  20  2:06  Queen  
  20  2:07  Queen  
  24  2:11  Zergling x2  
  25  2:16  Metabolic Boost  
  25  2:19  Zergling x2  
  26  2:37  Drone x2  
  28  2:56  Lair  
  28  2:58  Roach Warren, Drone x3  
  30  3:01  Drone x2  
  32  3:15  Zergling x2  
  32  3:16  Zergling x4  
  35  3:22  Drone  
  35  3:23  Extractor  
  35  3:26  Overlord x2  
  33  3:45  Zergling x2  
  33  3:46  Zergling x10  
  37  4:21  Zergling x2  
  37  4:22  Zergling x8  
  37  4:23  Zergling x4  
  41  4:31  Spine Crawler  
  41  4:36  Zergling x2  
  41  4:37  Zergling x2  
  42  4:44  Baneling Nest  
  41  4:46  Drone  
  41  4:51  Drone x2  
  44  4:59  Drone x3  
  48  5:00  Drone  
  48  5:11  Evolution Chamber  
  48  5:13  Evolution Chamber, Zergling x8  
  50  5:24  Spore Crawler, Hydralisk Den  
  50  5:25  Spore Crawler  
  47  5:29  Spore Crawler x2  
  47  5:30  Drone  
  47  5:31  Drone x3  
  48  5:41  Baneling x4  
  48  5:42  Baneling  
  45  6:15  Zergling x4  
  45  6:16  Zergling x10  
  52  6:30  Overlord x2  
  52  6:31  Overlord x3  
  51  6:47  Drone  
  51  6:51  Zergling x8  
  51  6:52  Zergling x2  
  57  7:07  Baneling x3  
Tags
 
Matchup
TvZ
Spawn Locations
Cross Positions
Add a new tag
Caveats
  • Supply blocks, unpowered buildings, or Contaminate may cause inaccurate times.
  • Supply counts are checked every 10 seconds.